 Dungeon Crawl Stone Soup version 0.30-a0-272-gf98c3da03f (webtiles) character file.

Game seed: 14545899380870133357

23 Harunobu the Stinger (level 3, -10/21 HPs)
             Began as an Octopode Venom Mage on Oct 15, 2022.
             Mangled by a kobold
             ... wielding a +1 dagger of electrocution
              (12 damage)
             ... on level 1 of the Dungeon.
             The game lasted 00:03:25 (922 turns).

Harunobu the Stinger (Octopode Venom Mage)           Turns: 922, Time: 00:03:25

Health: -10/21     AC:  1    Str:  9    XL:     3   Next: 0%
Magic:  1/6        EV: 13    Int: 17    God:
Gold:   34         SH:  0    Dex: 12    Spells: 5/6 levels left

rFire   . . .      SeeInvis .    (no weapon)
rCold   . . .      Faith    .    (no shield)
rNeg    . . .      Spirit   .    (helmet restricted)
rPois   .          Reflect  .    (no amulet)
rElec   .          Harm     .    (no ring)
rCorr   .          Rampage  .    (no ring)
Will    .....                    (no ring)
Stlth   +++.......               (no ring)
HPRegen 0.23/turn                (no ring)
MPRegen 0.10/turn                (no ring)
                                 (no ring)
                                 (no ring)

@: no status effects
A: almost no armour, amphibious, 8 rings, camouflage 1, gelatinous body 1,
(nimble swimmer 1), tentacles
a: no special abilities


You were on level 1 of the Dungeon.
You visited 1 branch of the dungeon, and saw 1 of its levels.

You collected 34 gold pieces.

Inventory:

Armour
 c - an orb of wrath
Scrolls
 b - a scroll of amnesia {unknown}
 d - 2 scrolls of teleportation {unknown}
Potions
 a - a potion of magic


   Skills:
 + Level 2.3 Dodging
 + Level 3.2 Stealth
 + Level 2.2 Spellcasting
 + Level 1.4 Transmutations
 + Level 3.9 Poison Magic


You had 5 spell levels left.
You knew the following spells:

 Your Spells              Type           Power      Damage    Failure   Level
a - Sting                 Tmut/Pois      44%        1d5       6%          1

Your spell library contained the following spells:

 Spells                   Type           Power      Damage    Failure   Level
 Poisonous Vapours        Pois/Air       16%        N/A       13%         2
 Mephitic Cloud           Conj/Pois/Air  6%         N/A       32%         3
 Olgreb's Toxic Radiance  Pois           15%        N/A       36%         4


Dungeon Overview and Level Annotations

Branches:
Dungeon (1/15)

Altars:


Innate Abilities, Weirdness & Mutations

You cannot wear most types of armour.
You are amphibious.
You can wear up to eight rings at the same time.
Your skin changes colour to match your surroundings (Stealth+).
Your rubbery body absorbs attacks. (AC +1, EV +1)
((You are camouflaged when in or above water. (Stealth+)))
You have tentacles for arms and can constrict up to eight enemies at once.


Message History

The gnoll is poisoned.
The gnoll is moderately wounded.
The ball python bites you. The ball python completely misses you.
The ball python attacks as you move away!
The ball python bites you. The ball python barely misses you.
Casting: Sting (safe; 6% risk of failure)
Confirm with . or Enter, or press ? or * to list all spells.
Aiming: Sting (safe; 6% risk of failure)
Press: ? - help, Shift-Dir - straight line, f/p - ball python
Aim: a ball python (68% to hit)
The sting hits the ball python.
The ball python is poisoned.
The ball python is severely wounded.
You kill the ball python!
You have reached level 3!
Your experience leads to an increase in your attributes!
Increase (S)trength, (I)ntelligence, or (D)exterity?
You feel stronger. x2
The kobold attacks as you move away!
The kobold hits you with a +1 dagger of electrocution.
* * * LOW HITPOINT WARNING * * *
You see here a hobgoblin skeleton.
The bat hits you.
* * * LOW HITPOINT WARNING * * *
The kobold attacks as you move away!
The kobold hits you with a +1 dagger of electrocution.
* * * LOW HITPOINT WARNING * * *
The bat closely misses you.
Casting: Sting (safe; 6% risk of failure)
Confirm with . or Enter, or press ? or * to list all spells.
Aiming: Sting (safe; 6% risk of failure)
Press: ? - help, Shift-Dir - straight line, f - bat
Aim: a bat (57% to hit)
The sting hits the bat.
The bat is poisoned.
You kill the bat!
The gnoll looks more healthy.
The kobold hits you with a +1 dagger of electrocution.
* * * LOW HITPOINT WARNING * * *
You are electrocuted!
Ouch! That really hurt!
You die...

.PP.PP.PPPPPP.P......#####..#.#..
PPP.PPP.PPPPP÷....##.##.....##...
PP.P.PPP.P.P.P.......######'####.
P.PPP.PP..P.PP....#### #.......#.
.PPPPP.....P.P....# #.⌠...⌠.##
P.PPP.PP.P...P....# #.......#
PP.P.PPP..P..P....####.+...⌠...+
PPP.P......P..P........#.......#
.PP.P...PP.P....@......#.⌠...⌠.#
P.....PPPPP....K.......#.......#
PP..P.PPPP.PP.....#########+####


PPP..P.PPPP..gP...# PP.P...PP.PP.PP...# P.PP.....PP.PPP...# .PPPPP..)...PP....#
PPPPPPPP...PPPP...# ......###.######.##### ### You could see a gnoll and a
kobold.

Vanquished Creatures
  4 ball pythons (D:1)
  2 endoplasms (D:1)
  3 giant cockroaches (D:1)
  2 goblins (D:1)
  2 hobgoblins (D:1)
  A quokka (D:1)
  2 bats (D:1)
  2 frilled lizards (D:1)
  3 kobolds (D:1)
  A rat (D:1)
22 creatures vanquished.

Vanquished Creatures (others)
  105 plants (D:1)
105 creatures vanquished.

Grand Total: 127 creatures vanquished

Notes
Turn   | Place    | Note
-------+----------+-------------------------------------------
     0 | D:1      | Harunobu the Octopode Venom Mage began the quest for the
                  | Orb.
     0 | D:1      | Reached XP level 1. HP: 11/11 MP: 3/3
   321 | D:1      | Found a faded altar of an unknown god.
   446 | D:1      | Reached XP level 2. HP: 17/17 MP: 0/5
   918 | D:1      | Reached XP level 3. HP: 10/21 MP: 2/6
   922 | D:1      | Mangled by a kobold

Illustrated notes

Levels and vault maps discovered:
D:1:      roderic_crop_circles_arrival_large, layout_loops_cross,
          hellmonk_ecumenical_altar_crossroads, minmay_misc_feat_diagonals,
          minmay_fountain_box

Skill      XL: |  1  2 |
---------------+-------+-----
Stealth        | 3 |  3.2
Dodging        | |  2.3
Spellcasting   | |  2.2
Transmutations | |  1.4
Poison Magic   | |  3.9

Action                   || total
-------------------------++-------
Melee: Unarmed           ||    15
       Constrict         ||    11
       Tentacles         ||     6
 Cast: Sting             ||    34
Armor: Skin              ||     6
Dodge: Dodged            ||    37

Table legend: (Time is in decaauts)
 A = Elapsed time spent in this place.
 B = Non-inter-level travel time spent in this place.
 C = Inter-level travel time spent in this place.
 D = Time resting spent in this place.
 E = Time spent auto-exploring this place.
 F = Levels seen in this place.
 G = Mean time per level.
                   A        B        C        D        E       F      G
               +--------+--------+--------+--------+--------+-----+--------+
         Total |    922 |    922 |      0 |    403 |    259 |   1 |  922.0 |
       Dungeon |    922 |    922 |      0 |    403 |    259 |   1 |  922.0 |
               +--------+--------+--------+--------+--------+-----+--------+

Top non-repeatable levels by time:
     D:1: 922 daAuts
